 Dungeon Crawl Stone Soup version 0.31.0-12-g77e489cdc1 (webtiles) character file.

Game seed: 7411849246599066569

21 spaghetti the Trooper (level 2, -5/25 HPs)
             Began as a Demonspawn Chaos Knight on Mar 7, 2024.
             Was a Plaything of Xom.
             Killed from afar by a white imp (8 damage)
             ... with a puff of frost
             ... summoned by Xom
             ... on level 1 of the Dungeon.
             The game lasted 00:01:31 (594 turns).

spaghetti the Trooper (Demonspawn Chaos Knight)      Turns: 594, Time: 00:01:31

Health: -5/25      AC:  5    Str: 10 (12) XL:     2   Next: 65%
Magic:  2/2        EV: 11    Int: 11 (12) God:    Xom [.*....]
Gold:   42         SH:  0    Dex: 10 (12) Spells: 1/1 levels left

rFire   . . .        a - +0 falchion (chaos)
rCold   . . .        (no shield)
rNeg    . . .        b - +2 leather armour
rPois   .            (no helmet)
rElec   .            (no cloak)
rCorr   .            (no gloves)
SInv    .            (no boots)
Will    .....        (no amulet)
Stlth   +            (no ring)
HPRegen 0.24/turn    (no ring)
MPRegen 0.08/turn

%: no passive effects
@: attractive
A: sturdy frame 1
a: Renounce Religion


You were on level 1 of the Dungeon.
You worshipped Xom.
You were a plaything of Xom.
You visited 1 branch of the dungeon, and saw 1 of its levels.

You collected 42 gold pieces.

Inventory:

Hand Weapons
 a - a +0 falchion of chaos (weapon)
Armour
 b - a +2 leather armour (worn)
Scrolls
 c - a scroll of butterflies
 d - a scroll of blinking {unknown}
 i - a scroll of noise {unknown}
Potions
 g - a potion of invisibility {unknown}
 h - a potion of might {unknown}
 j - a potion of lignification {unknown}


   Skills:
 + Level 4.0 Fighting
 - Level 2.6 Long Blades
 - Level 1.7 Armour
 - Level 0.8 Dodging


You had one spell level left.
You didn't know any spells.
Your spell library contained the following spells:

 Spells                   Type           Power      Damage    Failure   Level
 Call Canine Familiar     Summ           0%         N/A       75%         3
 Sigil of Binding         Hex            0%         N/A       75%         3
 Dimensional Bullseye     Hex/Tloc       0%         N/A       98%         4


Dungeon Overview and Level Annotations

Branches:
Dungeon (1/15)

Altars:

Shops:
D:1 ?


Innate Abilities, Weirdness & Mutations

Your movements are slightly less encumbered by armour. (ER -2)


Message History

You are too injured to fight recklessly!
You are too injured to fight recklessly!
You are too injured to fight recklessly!
You are too injured to fight recklessly!
You are too injured to fight recklessly!
You are too injured to fight recklessly!
You are too injured to fight recklessly!
You are too injured to fight recklessly!
You are too injured to fight recklessly!
You completely miss the white imp.
The white imp is almost dead.
The white imp misses you.
You closely miss the white imp.
The white imp is almost dead.
The white imp closely misses you.
You hit the white imp but do no damage.
The white imp is almost dead.
The white imp hits you but does no damage.
The white imp gestures at you. The puff of frost hits you!
You barely miss the white imp.
The white imp is almost dead.
The white imp gestures at you. The puff of frost hits you.
* * * LOW HITPOINT WARNING * * *
You completely miss the white imp.
The white imp is almost dead.
The white imp completely misses you.
It was a potion of degeneration.
There was something very wrong with that liquid.
You feel weakened.
You feel dopey.
You feel clumsy. The white imp gestures at you. The puff of frost hits you.
* * * LOW HITPOINT WARNING * * *
It was a potion of attraction.
You feel attractive to monsters.
Xom roars with laughter!
The white imp gestures at you. The puff of frost hits you!
You die...

'........# #≈≈≈#
#........#######≈∩≈#
#.............†.≈.≈#
#.....##########..##
#.....# #.## #.....#
#.# #.....# #.#
####### #.# #@#
.....55.# #########


You could see a white imp (summoned) and a shadow imp (summoned).

Vanquished Creatures
  3 endoplasms (D:1)
  A giant cockroach (D:1)
  2 goblins (D:1)
  2 hobgoblins (D:1)
  5 ball pythons (D:1)
  2 bats (D:1)
  2 frilled lizards (D:1)
  2 kobolds (D:1)
  A rat (D:1)
20 creatures vanquished.

Notes
Turn   | Place    | Note
-------+----------+-------------------------------------------
     0 | D:1      | spaghetti the Demonspawn Chaos Knight began the quest for
                  | the Orb.
     0 | D:1      | Reached XP level 1. HP: 18/18 MP: 1/1
   160 | D:1      | Gained mutation: Your movements are slightly less
                  | encumbered by armour. (ER -2) [demonic ancestry]
   160 | D:1      | Reached XP level 2. HP: 23/24 MP: 2/2
   199 | D:1      | Found a faded altar of an unknown god.
   216 | D:1      | XOM: silly message
   483 | D:1      | Reached skill level 4 in Fighting
   529 | D:1      | XOM: silly message
   554 | D:1      | Found Unuemety's Magic Scroll Shoppe.
   584 | D:1      | XOM: summons 2 hostile demons
   594 | D:1      | Killed from afar by a white imp

Illustrated notes

Levels and vault maps discovered:
D:1:      lightli_molten_gateway, layout_basic,
          chequers_ecumenical_altar_island, serial_shops,
          nicolae_shop_tiny_waterfront

Skill      XL: |  1  2 |
---------------+-------+-----
Fighting       | 4 |  4.0
Long Blades    | |  2.6
Armour         | |  1.7
Dodging        | |  0.8

Action                     || total
---------------------------++-------
  Melee: Falchion          ||    58
         Punch             ||     1
    Use: Potion            ||     2
 Armour: Leather armour    ||    46
  Dodge: Dodged            ||    38
